 Dungeon Crawl Stone Soup version 0.26-a0-737-g4e9f4955e2 (webtiles) character file.

Game seed: 7885329665276040103

48 Forecaster the Stinger (level 3, -6/28 HPs)
             Began as a Naga Venom Mage on Nov 4, 2020.
             Mangled by a gnoll
             ... wielding a +0 halberd
              (15 damage)
             ... on level 2 of the Dungeon.
             The game lasted 00:04:47 (1531 turns).

Forecaster the Stinger (Naga Venom Mage)            Turns: 1531, Time: 00:04:48

Health: -6/28      AC:  5    Str: 11    XL:     3   Next: 72%
Magic:  0/6        EV:  9    Int: 15    God:
Gold:   50         SH:  0    Dex: 11    Spells: 4/7 levels left

rFire    . . .     SeeInvis +   d - +0 dagger
rCold    . . .     Faith    .   (no shield)
rNeg     + . .     Spirit   .   h - +0 leather armour {rN+}
rPois    +         Reflect  .   (no helmet)
rElec    .         Harm     .   (no cloak)
rCorr    .         Rampage  .   f - +2 pair of gloves
MR       .....                  (no barding)
Stlth    ++........             (no amulet)
HPRegen  0.09/turn              (no ring)
MPRegen  0.10/turn              (no ring)

@: very slightly contaminated, very slow
A: large, see invisible, deformed body, poison resistance, slowness 2, spit
poison 1, AC +1
a: Spit Poison


You were on level 2 of the Dungeon.
You visited 1 branch of the dungeon, and saw 2 of its levels.

You collected 50 gold pieces.

Inventory:

Hand Weapons
 d - a +0 dagger (weapon)
Armour
 a - a +0 robe
 f - a +2 pair of gloves (worn)
 h - a +0 leather armour of positive energy (worn)
Scrolls
 e - 3 scrolls of immolation {unknown}
Potions
 b - a potion of lignification {unknown}
 c - 2 potions of flight {unknown}
 g - a potion of cancellation {unknown}
 i - a potion of magic {unknown}


   Skills:
 + Level 0.3 Armour
 + Level 1.7 Dodging
 + Level 3.1 Stealth
 + Level 2.6 Spellcasting
 + Level 1.1 Transmutations
 + Level 0.2 Air Magic
 + Level 4.9 Poison Magic


You had 4 spell levels left.
You knew the following spells:

 Your Spells              Type           Power        Failure   Level
a - Sting                 Tmut/Pois      ##..         8%          1
b - Poisonous Vapours     Pois/Air       #.....       14%         2

Your spell library contained the following spells:

 Spells                   Type           Power        Failure   Level
 Ignite Poison            Fire/Tmut/Pois #.......     34%         3
 Olgreb's Toxic Radiance  Pois           ###.....     34%         4
 Mephitic Cloud           Conj/Pois/Air  #.......     38%         3


Dungeon Overview and Level Annotations

Branches:
Dungeon (2/15)

Altars:


Innate Abilities, Weirdness & Mutations

You cannot wear boots.
Your serpentine skin is tough. (AC +1)
You have supernaturally acute eyesight. (SInv)
Armour fits poorly on your strangely shaped body.
Your system is resistant to poisons. (rPois)
You cover ground very slowly.
You can spit poison.


Message History

The gnoll hits you but does no damage.
Casting: Poisonous Vapours (safe; 14% risk of failure)
Confirm with . or Enter, or press ? or * to list all spells.
Aiming: Poisonous Vapours (safe; 14% risk of failure)
Press: ? - help, Dir - move target cursor, f/p - gnoll
Aim: a gnoll, wielding a +0 halberd (poisoned) Poisonous vapours surround the gnoll!
The gnoll is engulfed in poison gas.
The gnoll looks even sicker.
The gnoll hits you from afar with a +0 halberd!
Casting: Poisonous Vapours (safe; 14% risk of failure)
Confirm with . or Enter, or press ? or * to list all spells.
Aiming: Poisonous Vapours (safe; 14% risk of failure)
Press: ? - help, Dir - move target cursor, f/p - gnoll
Aim: a gnoll, wielding a +0 halberd (heavily wounded, very poisoned)
You miscast Poisonous Vapours.
You are very lightly contaminated with residual magic.
Nothing appears to happen.
The gnoll hits you from afar with a +0 halberd!
Ouch! That really hurt!
You die...

##########
#..<.....#
#........#
#........#
#.(......#
######.####
.........#
....##...######
.. ##...@.g.#
#..####.# #..#
.# #..# .# #..#
.. ...# ..
#.#.. ... #.##
...


You could see a gnoll (very poisoned).

Vanquished Creatures
  2 oozes
  5 dart slugs (D:1)
  A ball python (D:1)
  A bat (D:1)
  6 goblins (D:1)
  4 hobgoblins (D:1)
  2 jackals (D:1)
  A frilled lizard (D:1)
  2 kobolds (D:1)
  3 rats (D:1)
27 creatures vanquished.

Notes
Turn   | Place    | Note
-------+----------+-------------------------------------------
     0 | D:1      | Forecaster the Naga Venom Mage began the quest for the Orb.
     0 | D:1      | Reached XP level 1. HP: 15/15 MP: 3/3
   120 | D:1      | Reached XP level 2. HP: 9/22 MP: 1/5
   309 | D:1      | Learned a level 2 spell: Poisonous Vapours
   630 | D:1      | Reached XP level 3. HP: 25/28 MP: 6/6
  1531 | D:2      | Mangled by a gnoll

Illustrated notes

Levels and vault maps discovered:
D:1:      nicolae_arrival_washed_ashore, layout_basic, minmay_pentomino_z4
D:2:      layout_rooms, uniq_sigmund

Action                   || total
-------------------------++-------
Melee: Dagger            ||    34
 Cast: Sting             ||     8
       Poisonous Vapours ||    21
 Stab: Sleeping          ||     1
Armor: Leather armour    ||     4
       Robe              ||     2
Dodge: Dodged            ||    23

Table legend: (Time is in decaauts)
 A = Elapsed time spent in this place.
 B = Non-inter-level travel time spent in this place.
 C = Inter-level travel time spent in this place.
 D = Time resting spent in this place.
 E = Time spent auto-exploring this place.
 F = Levels seen in this place.
 G = Mean time per level.
                   A        B        C        D        E       F      G
               +--------+--------+--------+--------+--------+-----+--------+
         Total |   1775 |   1761 |     14 |    508 |   1001 |   2 |  887.5 |
       Dungeon |   1775 |   1761 |     14 |    508 |   1001 |   2 |  887.5 |
               +--------+--------+--------+--------+--------+-----+--------+

Top non-repeatable levels by time:
     D:1: 1745 daAuts
     D:2: 29 daAuts
